Map: Dreamcatcher LE

Players

Darckstm

  • Race: Zerg Zerg
  • League: Gold
  • Spawn Location: 11:00

Test - Winner!

  • Race: Terran Terran
  • League: Silver
  • Spawn Location: 5:00

VOD

Have the link to the VOD?

Description

Time

  • Played on: May 15, 2018, 4:36 p.m.
  • Length: 6:27
Show
View Real Time Build Order
Export as new Build Order

Darckstm Zerg 

Build Orders: Hatch First 

Get SALT Encoding   

  12  0:01  Drone  
  13  0:08  Drone  
  14  0:32  Extractor  
  13  0:37  Hatchery  
  13  0:41  Drone  
  13  0:45  Drone  
  14  0:59  Overlord  
  14  1:14  Spawning Pool  
  14  1:16  Drone  
  14  1:21  Drone  
  15  1:26  Drone  
  15  1:31  Drone  
  17  1:43  Drone  
  18  1:50  Drone  
  19  1:55  Drone  
  19  2:00  Overlord  
  20  2:03  Queen  
  20  2:07  Zergling x2  
  23  2:12  Zergling x2  
  24  2:20  Drone  
  25  2:23  Drone  
  25  2:25  Zergling x2  
  25  2:27  Metabolic Boost  
  27  2:34  Evolution Chamber  
  27  2:36  Drone  
  27  2:39  Drone  
  28  2:44  Zergling x2  
  29  2:52  Drone  
  29  2:54  Zergling x2  
  31  2:59  Zerg Ground Armor Level 1  
  31  3:06  Drone x2  
  31  3:09  Zergling x2  
  34  3:19  Extractor  
  33  3:20  Drone x2  
  33  3:22  Drone  
  33  3:25  Overlord  
  36  3:31  Overlord  
  36  3:43  Queen  
  36  3:44  Drone x3  
  41  3:51  Zergling x2  
  41  3:52  Zergling x6  
  45  3:55  Lair  
  45  4:02  Drone  
  46  4:03  Zergling x2  
  47  4:11  Zergling x2  
  48  4:34  Drone x2  
  48  4:35  Drone  
  48  4:36  Drone  
  52  4:39  Overlord x3  
  49  4:53  Queen  
  49  4:57  Zergling x6  
  54  5:00  Queen  
  54  5:03  Zergling x2  
  54  5:04  Zergling x12  
  54  5:05  Zergling x2  
  64  5:20  Zergling x4  
  66  5:33  Hydralisk Den  
  46  5:54  Zergling x14  
  48  6:09  Zergling x8  
Show
View Real Time Build Order
Export as new Build Order

Test Terran - Winner!

Build Orders:  

Get SALT Encoding   

  12  0:00  SCV  
  13  0:12  SCV  
  14  0:21  Supply Depot  
  14  0:24  SCV  
  15  0:29  Refinery  
  16  0:42  SCV  
  16  0:49  Barracks  
  16  0:55  SCV  
  17  1:07  Barracks  
  17  1:09  SCV  
  18  1:22  Barracks  
  18  1:28  SCV  
  19  1:45  Marine, Supply Depot  
  20  1:54  Barracks Reactor  
  20  2:03  Marine, Supply Depot  
  21  2:08  Orbital Command  
  21  2:13  Barracks Reactor  
  21  2:21  Marine  
  22  2:31  Marine  
  22  2:32  Barracks  
  22  2:35  Marine  
  24  2:41  Barracks Tech Lab  
  24  2:49  Marine x3  
  27  2:52  Marine  
  28  3:05  Stimpack  
  28  3:07  Marine  
  28  3:08  Marine x3  
  28  3:10  Marine  
  33  3:15  SCV  
  34  3:25  Marine x2  
  34  3:26  Marine  
  37  3:28  Marine  
  37  3:29  Supply Depot  
  38  3:38  Barracks Reactor  
  38  3:39  Marine  
  39  3:50  Marine x2  
  39  3:51  Marine x2  
  43  3:57  Marine  
  44  4:08  Marine x2  
  44  4:09  Marine  
  47  5:02  Marine x5  
  47  5:03  Supply Depot  
  52  5:07  Marine x2  
  54  5:20  Marine  
  55  5:25  Marine x6  
  55  5:28  Supply Depot  
  58  5:37  Marine  
  54  5:43  Marine x5  
  54  5:46  Marine  
  56  5:55  Marine  
  54  6:00  Marine x5  
  57  6:04  Marine  
Tags
 
Add a new tag
Caveats
  • Supply blocks, unpowered buildings, or Contaminate may cause inaccurate times.
  • Supply counts are checked every 10 seconds.